 Dungeon Crawl Stone Soup version 0.21-a0-151-ga4fe563 (webtiles) character file.

711851 NantukoElder the Axe Maniac (level 27, 220/249 HPs)
             Began as a Formicid Berserker on July 15, 2017.
             Was the Champion of Trog.
             Quit the game on level 5 of the Depths on July 30, 2017.
             The game lasted 04:14:22 (84823 turns).

NantukoElder the Axe Maniac (Formicid Berserker)   Turns: 84823, Time: 04:14:22

Health: 220/249    AC: 47    Str: 25    XL:     27
Magic:  43/43      EV: 22    Int: 19    God:    Trog [******]
Gold:   5194       SH:  7    Dex: 15    Spells: 26/26 levels left

rFire    + . .     SeeInvis +   D - +9 executioner's axe (vamp)
rCold    + + +     Gourm    .   h - +0 buckler {rC+}
rNeg     + + .     Faith    +   L - +7 storm dragon scales {Bai Suzhen}
rPois    +         Spirit   .   (helmet unavailable)
rElec    +         Reflect  .   A - +2 cloak {rC+}
rCorr    .         Harm     .   F - +3 pair of gauntlets of War {Slay+5}
MR       ++...                  y - +1 pair of boots "Zaddeifepa" {rF+}
Stlth    ..........             f - amulet of faith
HPRegen  0.51/turn              e - ring of Riacotz {MP+9 AC+3 Dex+5}
MPRegen  0.28/turn              Z - ring "Xeusch" {rPois rC+ rN++}

@: no status effects
A: permanent stasis, dig shafts and tunnels, four strong arms, antennae 3, icy
blue scales 1, molten scales 1, clever 1, poison resistance, evolution 1
}: 4/15 runes: serpentine, barnacled, slimy, silver
a: Dig, Shaft Self, Trog's Hand, Brothers in Arms, Burn Spellbooks, Renounce
Religion


You were on level 5 of the Depths.
You worshipped Trog.
Trog was exalted by your worship.
You were very hungry.

You visited 12 branches of the dungeon, and saw 58 of its levels.
You also visited: Labyrinth and Ice Cave.

You collected 9351 gold pieces.
You spent 4157 gold pieces at shops.

Inventory:

Hand Weapons
 b - a +3 broad axe of electrocution
 q - a +1 hand axe of flaming
 D - a +9 vampiric executioner's axe (weapon)
 R - a +2 battleaxe of flaming
 S - the +8 war axe "Glorpo" {freeze, rElec rPois rF- rN+}
   (Trog gifted it to you on level 2 of the Snake Pit)

   It has been specially enchanted to freeze those struck by it, causing extra
   injury to most foes and up to half again as much damage against particularly
   susceptible opponents.
   It can also slow down cold-blooded creatures.
   It makes you vulnerable to fire.
   It insulates you from electricity.
   It protects you from poison.
   It protects you from negative energy.
Armour
 h - a +0 buckler of cold resistance (worn)
 t - +0 gold dragon scales
 y - the +1 pair of boots "Zaddeifepa" (worn) {rF+}
   (You bought it in a shop on level 2 of the Orcish Mines)

   It protects you from fire.
 A - a +2 cloak of cold resistance (worn)
 F - the +3 pair of gauntlets of War (worn) {Slay+5}
   (You acquired it on level 2 of the Orcish Mines)

   It affects your accuracy and damage with ranged weapons and melee attacks
   (+5).
 L - +7 storm dragon scales (worn) {Bai Suzhen}
Jewellery
 e - the ring of Riacotz (left hand) {MP+9 AC+3 Dex+5}
   (You bought it in a shop on level 5 of the Dungeon)

   [ring of protection]

   It affects your AC (+3).
   It affects your dexterity (+5).
   It affects your magic capacity (+9).
 f - an amulet of faith (around neck)
 z - an uncursed ring of resist corrosion
 B - the amulet "Qurreat" {Fragile rF+ MR+ Regen+ Dex+4}
   (You took it off a deep elf mage on level 5 of the Vaults)

   [amulet of regeneration]

   It affects your dexterity (+4).
   It protects you from fire.
   It affects your resistance to hostile enchantments.
   It increases your rate of regeneration.
   It will be destroyed if unequipped.
 H - an uncursed ring of protection from fire
 U - an uncursed ring of flight
 X - an uncursed ring of protection from magic
 Y - the ring "Rerong" {MP+9 Slay+6 SInv}
   (You found it on level 3 of the Depths)

   [ring of magical power]

   It affects your accuracy and damage with ranged weapons and melee attacks
   (+6).
   It affects your magic capacity (+9).
   It lets you see invisible.
 Z - the ring "Xeusch" (right hand) {rPois rC+ rN++}
   (You found it on level 4 of the Depths)

   [ring of poison resistance]

   It protects you from cold.
   It protects you from poison.
   It greatly protects you from negative energy.
Wands
 l - a wand of clouds (3/9)
 I - a wand of acid (9/15)
 K - a wand of scattershot (5/9)
Scrolls
 g - 9 scrolls of recharging
 j - 36 scrolls of remove curse
 m - 11 scrolls of fear
 n - a scroll of silence
 r - 3 scrolls of fog
 v - 4 scrolls of magic mapping
 w - 5 scrolls of identify
 G - a scroll of enchant weapon
 J - a scroll of summoning
 O - 6 scrolls of holy word
Potions
 a - 2 potions of magic
 i - 2 potions of might
 o - 13 potions of mutation
 u - a potion of flight
 x - 7 potions of cancellation
 C - a potion of invisibility
 M - 11 potions of curing
 T - 11 potions of heal wounds
 W - 4 potions of agility
Books
 k - a manual of Fighting
 p - a book of Unlife

   Spells                             Type                      Level
   a - Recall                         Summoning/Translocation      3
   b - Animate Dead                   Necromancy                   4
   c - Control Undead                 Necromancy                   4
   d - Cigotuvi's Embrace             Necromancy                   5
   e - Death Channel                  Necromancy                   6
   f - Simulacrum                     Ice/Necromancy               6
   Trog disapproves of the use of such an item.
 V - a book of the Sky

   Spells                             Type                      Level
   a - Summon Lightning Spire         Summoning/Air                4
   b - Silence                        Hexes/Air                    5
   c - Deflect Missiles               Charms/Air                   6
   d - Conjure Ball Lightning         Conjuration/Air              6
   e - Tornado                        Air                          9
   Trog disapproves of the use of such an item.
Miscellaneous
 d - 4 phantom mirrors
 E - 4 boxes of beasts
 N - a sack of spiders
 P - a phial of floods
 Q - a fan of gales
Comestibles
 c - 16 bread rations
 s - 42 meat rations


   Skills:
 O Level 27 Fighting
 O Level 27 Axes
 - Level 25.0 Armour
 + Level 21.0 Dodging
 + Level 13.4 Shields
 - Level 14.9 Evocations


You had 26 spell levels left.
You didn't know any spells.

Dungeon Overview and Level Annotations

Branches:
Dungeon (15/15)            Temple (0/1) D:5            Lair (6/6) D:11
 Shoals (4/4) Lair:2        Snake (4/4) Lair:3        Slime (5/5) Lair:6
    Orc (2/2) D:12            Elf (3/3) Orc:2        Vaults (5/5) D:13
  Crypt (3/3) Vaults:3       Tomb (0/3) Crypt:3      Depths (5/5) D:15
   Hell (1/1)                 Dis (0/7) Hell            Geh (0/7) Hell
    Tar (0/7) Hell            Zot (5/5) Depths:5
    Coc: Hell:1

Altars:
Ashenzari
Cheibriados
Elyvilon
Fedhas
Gozag
Kikubaaqudgha
Makhleb
Nemelex Xobeh
Okawaru
Sif Muna
Uskayaw
Vehumet
Wu Jian
Xom
Zin
Beogh
Jiyva

Shops:
D:5 =   D:6 ?   D:8 (   Orc:2 (*[%   Elf:1 ?   Elf:2 =   Vaults:3 =
Vaults:5 !

Portals:
Hell: Depths:1 Depths:2 Depths:3 Depths:4 Depths:5
Abyss: Depths:4
Pandemonium: Depths:1 Depths:2 Depths:3 Depths:5
Ziggurat: Depths:5

Annotations:
D:5 2 transporters
D:8 Gastronok
D:15 exclusion: Roxanne, Roxanne
Lair:1 exclusion: 2 oklob plants
Lair:4 ziggurnaut's ghost, journeyman NaWn
Snake:3 3 runed doors
Elf:2 3 runed doors
Hell exclusion: 2 ice statues


Innate Abilities, Weirdness & Mutations

You cannot be hasted, slowed, berserked, paralysed or teleported.
You can dig through walls and to a lower floor.
Your four strong arms can wield two-handed weapons with a shield.
You have a pair of large antennae on your head. (SInv)
You are partially covered in icy blue scales. (AC +2)
You are partially covered in molten scales. (AC +2)
Your mind is acute. (Int +2)
Your system is resistant to poisons. (rPois)
You evolve.


Message History

The tentacled monstrosity is heavily wounded.
The tentacled monstrosity tentacle-slaps you.
You block the tentacled monstrosity's attack.
The tentacled monstrosity tentacle-slaps you!
The tentacled monstrosity constricts you.
You cut the tentacled monstrosity into ribbons!!!
The tentacled monstrosity is almost dead.
The tentacled monstrosity tentacle-slaps you but does no damage.
The tentacled monstrosity completely misses you.
The tentacled monstrosity tentacle-slaps you but does no damage.
The tentacled monstrosity constricts you.
Unknown command.
You cut the tentacled monstrosity into ribbons!!!
You kill the tentacled monstrosity!
Trog accepts your kill.
No target in view!
No target in view!
Unknown command.
No target in view!
Are you sure you want to abandon this character and quit the game? (Confirm with "yes".)

[...#..#...'.##.....#.........###
)8..#..#.∩.#..#†)8..#.#######..##
)...##.'...#..#[[.).#...#####..##
#...)#####'#..#.....#.#....##...#
#.#(((((.(.#..#....<..#.#.###....
.#.###..)(##.###.)).....#.# ###..
..#..######^.#..#)...#..#.# #..
..#..#.......#..#..#((..#.#####..
##.##.......#.##@##.....#.....#..
..#......⌠..†#..#.....#.#####.#.#
..#...##...##...#.....#...#...#.#
...#.###...###...#.######.#.###.#
..#...........#.........#.......#
..#.#########.#.#######.###.#####
#.#.# #.....# #[[.#.# # ###.#
#####.# ###)##..##### ..#.#
#.###...........#


There were no monsters in sight!

Vanquished Creatures
  the Royal Jelly (Slime:5)
  2 ancient liches (Vaults:5)
  An orb of fire (Zot:2)
  Khufu (Crypt:3)
  Mara (Shoals:4)
  A juggernaut (Depths:3)
  Sojobo (Vaults:3)
  Bai Suzhen (Vaults:3)
  Margery (Crypt:3)
  A curse toe (Zot:5)
  5 caustic shrikes
  Saint Roka (Depths:1)
  Nikola (Depths:3)
  A Killer Klown (Zot:2)
  Geryon (Hell)
  8 golden dragons
  A profane servitor (Crypt:3)
  2 bone dragons
  Jory (Crypt:2)
  2 liches
  An electric golem (Zot:4)
  9 tentacled monstrosities
  Jorgrun (Elf:2)
  7 Orb Guardians (Zot:5)
  4 titans
  A quicksilver dragon (shapeshifter) (Depths:4)
  An Ice Fiend (IceCv)
  2 deep elf blademasters
  3 quicksilver dragons
  2 deep elf master archers (Elf:3)
  5 ancient champions
  5 sphinxes
  24 acid blobs
  Polyphemus (Shoals:4)
  Murray (Hell)
  7 death cobs
  A thorn hunter (Lair:6)
  A kraken (Shoals:4)
  Agnes (Elf:2)
  12 shadow dragons
  2 draconian monks
  Kirke (Elf:1)
  8 tengu reavers
  An azure jelly (shapeshifter) (Depths:4)
  12 nagarajas
  4 revenants
  7 azure jellies
  8 frost giants
  5 storm dragons
  Ilsuiw (Shoals:4)
  5 iron dragons (Vaults:5)
  A draconian knight (Zot:2)
  11 fire giants
  14 vault wardens
  3 balrugs
  3 ghost moths
  2 orc warlords (Orc:2)
  14 ghouls
  11 deep elf sorcerers
  A draconian scorcher (Zot:4)
  3 curse skulls
  The ghost of Okiemurse the Severer, a journeyman HOMo of Beogh (Lair:6)
  4 draconian shifters
  2 reapers (Hell)
  5 deep elf elementalists (Elf:3)
  8 draconian annihilators
  4 war gargoyles
  2 draconian stormcallers
  12 stone giants
  9 vampire knights
  15 ironheart preservers
  29 very ugly things
  9 deep elf demonologists
  8 green draconians
  A dire elephant (shapeshifter) (Depths:3)
  9 deep elf annihilators
  Azrael (D:13)
  10 red draconians
  11 white draconians
  7 yellow draconians
  5 black draconians
  6 spark wasps
  5 death oozes (Slime:5)
  2 eidola
  13 crystal guardians (Depths:4)
  14 deep elf death magi
  10 purple draconians
  A minotaur (Lab)
  13 merfolk javelineers
  20 jiangshi
  10 ettins
  2 mummy priests (Crypt:3)
  4 merfolk impalers
  3 blizzard demons
  3 deep elf high priests
  10 fire dragons
  19 yaktaur captains
  15 great orbs of eyes
  32 vault guards
  8 centaur warriors
  8 rakshasas
  11 hydras
  A juggernaut simulacrum (Depths:5)
  10 ice dragons
  A hell beast (Depths:5)
  2 merfolk avatars
  5 spriggan air magi
  17 naga warriors
  2 catoblepae
  Erica (D:11)
  An anaconda (shapeshifter) (Depths:4)
  3 merfolk aquamancers
  A catoblepas (shapeshifter) (Depths:4)
  10 death knights
  49 two-headed ogres
  2 alligator snapping turtles
  17 anacondas
  5 deep troll shamans
  15 ogre magi
  A satyr (Shoals:4)
  A two-headed ogre (shapeshifter) (Depths:4)
  8 deep troll earth magi
  5 death yaks
  25 dancing weapons
  6 vampire magi
  10 hell hogs
  2 orc high priests (Orc:2)
  8 spriggan berserkers
  4 tengu warriors
  A shock serpent (shapeshifter) (Depths:4)
  12 shock serpents
  16 naga sharpshooters
  7 small abominations
  6 sun demons
  5 soul eaters
  A fire crab (Lair:6)
  An iron golem (Depths:5)
  An iron troll (Depths:5)
  13 deep elf knights
  7 shadow wraiths
  An anaconda zombie (Crypt:1)
  10 sea snakes
  34 hell knights
  A fire crab (shapeshifter) (Depths:1)
  3 salamander mystics
  11 deep trolls
  8 flayed ghosts
  4 naga ritualists
  49 skeletal warriors
  A gelid demonspawn (Depths:1)
  11 glowing orange brains
  A storm dragon skeleton (Vaults:3)
  A tengu zombie (Vaults:3)
  9 wizards
  A glowing orange brain (shapeshifter) (D:13)
  An unseen horror (shapeshifter) (Vaults:4)
  A spectral iron dragon (Crypt:3)
  4 unseen horrors
  16 deep elf archers
  A shambling mangrove (Lair:6)
  A spriggan druid (Depths:1)
  24 orc knights
  15 necromancers
  4 obsidian statues (Depths:4)
  28 harpies
  An iron giant skeleton (Crypt:2)
  A lindwurm (Lair:6)
  13 ironbrand convokers
  15 phantasmal warriors
  A wolf spider (shapeshifter) (Vaults:2)
  A harpy (shapeshifter) (Vaults:4)
  A mana viper (shapeshifter) (Vaults:2)
  An iron dragon zombie (Crypt:2)
  48 ugly things
  65 deep elf magi
  12 orc sorcerers
  4 shining eyes
  10 cyclopes
  A wolf spider (D:13)
  13 mana vipers
  An oklob plant (Lair:6)
  8 manticores
  12 salamanders
  A cyclops (shapeshifter) (Depths:4)
  A sphinx skeleton (Vaults:3)
  A moth of wrath (shapeshifter) (Depths:4)
  11 moths of wrath
  5 guardian serpents (shapeshifter)
  20 naga magi
  A shining eye (shapeshifter) (Vaults:5)
  9 fauns
  4 rust devils (Depths:5)
  A fire giant skeleton (Vaults:3)
  5 guardian serpents
  23 elephants
  An ice statue (IceCv)
  12 merfolk sirens
  44 black mambas
  An eye of devastation (shapeshifter) (Vaults:3)
  2 eyes of devastation
  An orange demon (Hell)
  12 spiny frogs
  5 torpor snails (Lair:6)
  11 water nymphs
  4 gargoyles
  3 stone giant skeletons
  3 water nymphs (shapeshifter)
  A smoke demon (Hell)
  11 vault sentinels
  2 frost giant skeletons
  4 black mambas (shapeshifter)
  A catoblepas zombie (Crypt:2)
  4 molten gargoyles (Depths:4)
  2 rime drakes
  18 freezing wraiths
  61 yaktaurs
  A hellion (Hell)
  9 komodo dragons
  7 guardian mummies (Crypt:3)
  A redback zombie (D:13)
  A demonic crawler (Hell)
  5 tengu conjurers
  5 anaconda simulacra (IceCv)
  A tormentor (Hell)
  6 ice devils (IceCv)
  A hellwing (Depths:1)
  6 human skeletons (Vaults:3)
  A red devil (Depths:5)
  2 yaktaur skeletons (Vaults:3)
  A white draconian skeleton (Crypt:2)
  A jumping spider (shapeshifter) (Vaults:5)
  A hydra zombie (Hell)
  22 merfolk
  A troll (shapeshifter) (Depths:3)
  5 raiju
  11 polar bears
  21 trolls
  A wolf spider simulacrum (IceCv)
  Prince Ribbit (D:7)
  6 wind drakes
  11 hornets
  A harpy skeleton (Crypt:2)
  2 raiju (shapeshifter)
  2 slime creatures (shapeshifter)
  90 slime creatures
  11 snapping turtles
  A fire dragon zombie (Hell)
  12 blink frogs
  13 hippogriffs
  A dream sheep (shapeshifter) (Depths:4)
  2 bog bodies (Crypt:2)
  4 tyrant leeches (Lair:6)
  7 dream sheep (Lair:5)
  A wandering mushroom (Lair:6)
  An alligator zombie (Hell)
  A stone giant simulacrum (Crypt:2)
  14 air elementals
  A fire giant simulacrum (Hell)
  5 shadows
  Sigmund (D:2)
  4 vampires
  56 flying skulls
  21 water elementals
  3 dire elephant simulacra (IceCv)
  2 redbacks (shapeshifter)
  2 spriggans
  8 wraiths
  4 wyverns
  A hog (Elf:1)
  14 fire elementals
  19 humans (D:13)
  A wind drake zombie (Crypt:1)
  36 yaks
  2 basilisks
  A human (shapeshifter) (Vaults:2)
  Grum (D:8)
  A chaos spawn (Depths:1)
  A steam dragon (D:11)
  3 hungry ghosts
  3 yaks (shapeshifter)
  A death yak simulacrum (IceCv)
  The ghost of Caprice the Sneak, an amateur DsAs (D:4)
  2 golden eyes (Slime:5)
  18 vampire mosquitoes
  A soldier ant (shapeshifter) (Vaults:2)
  A harpy simulacrum (IceCv)
  4 insubstantial wisps (Depths:4)
  A gelid demonspawn zombie (Crypt:2)
  A merfolk zombie (Crypt:2)
  2 iron troll simulacra (IceCv)
  12 wargs
  23 hell hounds
  2 soldier ants (D:11)
  3 spiny frog zombies (Hell)
  8 hydra simulacra
  23 water moccasins
  A water moccasin (shapeshifter) (Depths:3)
  73 nagas
  2 deep troll skeletons
  A swamp drake (shapeshifter) (Vaults:5)
  3 acid dragons
  12 porcupines
  A fire dragon simulacrum (Hell)
  A swamp drake (D:12)
  A hornet zombie (D:8)
  A spectral spriggan (Crypt:3)
  2 ice beasts
  81 orc warriors
  An ettin simulacrum (IceCv)
  5 phantoms
  A snapping turtle zombie (Hell)
  3 eyes of draining
  19 black bears
  9 necrophages
  2 spiny frog skeletons
  44 ogres
  9 boggarts
  22 wolves
  18 centaurs
  A dream sheep zombie (Crypt:2)
  3 elf skeletons (Vaults:3)
  14 crocodiles
  A big kobold (shapeshifter) (Depths:4)
  4 big kobolds
  A salamander zombie (Crypt:2)
  26 bullfrogs
  2 wyvern zombies
  2 earth elementals
  A glowing shapeshifter simulacrum (Vaults:2)
  A draconian skeleton (Crypt:1)
  A cyclops zombie (Crypt:2)
  A water moccasin zombie (Crypt:2)
  2 wyvern skeletons (D:13)
  4 scorpions
  10 killer bees
  12 wights
  7 electric eels
  A howler monkey (D:4)
  A draconian simulacrum (IceCv)
  12 crimson imps
  4 quasits
  3 centaur zombies
  8 hounds
  2 wolf skeletons
  2 bullfrog zombies
  34 orc priests
  Crazy Yiuf (D:6)
  2 bullfrog skeletons
  2 jellies
  2 iron imps
  49 orc wizards
  2 centaur skeletons
  4 iguanas
  6 hell rats
  4 troll simulacra (IceCv)
  7 worker ants
  A polar bear simulacrum (IceCv)
  2 centaur simulacra (IceCv)
  A sky beast zombie (Crypt:1)
  A demigod skeleton (Crypt:2)
  A hound skeleton (D:7)
  Robin (D:2)
  An ogre simulacrum (IceCv)
  18 adders
  3 naga simulacra (IceCv)
  A river rat (D:11)
  A shadow imp (Depths:2)
  6 white imps
  11 ufetubi
  An ooze (D:3)
  A worm zombie (Crypt:1)
  3 adder skeletons
  7 dart slugs (D:6)
  2 worms
  5 leopard geckos
  170 orcs
  2 ball pythons
  4 bats
  A bat zombie (Crypt:1)
  7 giant cockroaches
  17 goblins
  10 hobgoblins
  11 jackals
  28 kobolds
  7 quokkas
  3 frilled lizards
  A frilled lizard zombie (Crypt:2)
  A jackal skeleton (D:8)
  A leopard gecko skeleton (Crypt:1)
  A quokka zombie (D:5)
  8 rats
  A spectral kobold (Crypt:3)
  2 briar patches (Lair:6)
  A butterfly (D:1)
  6 crawling corpses
  6 fungi
  5 plants
  4 tentacles (Shoals:4)
3115 creatures vanquished.

Vanquished Creatures (collateral kills)
  A caustic shrike (Depths:4)
  An ancient champion (Crypt:2)
  2 azure jellies (Slime:5)
  4 death oozes (Slime:5)
  2 merfolk aquamancers (Shoals:1)
  A merfolk avatar (Shoals:4)
  A water nymph (Shoals:1)
12 creatures vanquished.

Vanquished Creatures (others)
  A shadow dragon (Vaults:5)
  A yaktaur captain (Vaults:5)
  A hell hog (Depths:5)
  A skeletal warrior (Vaults:5)
  A deep elf archer (Vaults:1)
  A water elemental (Hell)
  A fire elemental (Depths:4)
  A warg (Vaults:5)
  A centaur (D:11)
  11 ball lightnings (Depths:4)
  An orc (Vaults:5)
  21 fungi
  45 plants
  3 tentacles (Shoals:4)
90 creatures vanquished.

Grand Total: 3217 creatures vanquished

Notes
Turn   | Place    | Note
-------+----------+-------------------------------------------
     0 | D:1      | NantukoElder the Formicid Berserker began the quest for the Orb.
     0 | D:1      | Reached XP level 1. HP: 18/18 MP: 1/1
   175 | D:1      | Reached XP level 2. HP: 11/24 MP: 2/2
   742 | D:2      | Noticed Sigmund
   821 | D:2      | Noticed Robin
   823 | D:2      | Reached XP level 3. HP: 28/29 MP: 3/3
   930 | D:2      | Killed Robin
   930 | D:2      | Reached XP level 4. HP: 20/35 MP: 4/4
  1285 | D:2      | Reached skill level 5 in Axes
  1566 | D:2      | You fall through a shaft!
  1813 | D:3      | Reached XP level 5. HP: 41/41 MP: 5/5
  1856 | D:2      | Reached ** piety under Trog
  2115 | D:2      | Killed Sigmund
  2115 | D:2      | Reached XP level 6. HP: 22/47 MP: 6/6
  2873 | D:3      | Found a burning altar of Makhleb.
  3836 | D:4      | Noticed a phantom
  3868 | D:4      | Killed a phantom
  3868 | D:4      | Reached XP level 7. HP: 40/52 MP: 7/7
  3981 | D:4      | Found a shimmering altar of Xom.
  3986 | D:4      | Found a shimmering altar of Xom.
  3987 | D:4      | Found a shimmering altar of Xom.
  3987 | D:4      | Found a shimmering altar of Xom.
  3989 | D:4      | Found a shimmering altar of Xom.
  3989 | D:4      | Found a shimmering altar of Xom.
  3989 | D:4      | Found a shimmering altar of Xom.
  3991 | D:4      | Found a shimmering altar of Xom.
  3992 | D:4      | Found a shimmering altar of Xom.
  4453 | D:4      | Noticed Caprice's ghost (amateur DsAs)
  4960 | D:4      | Killed Caprice's ghost
  4960 | D:4      | Reached XP level 8. HP: 56/58 MP: 8/8
  5036 | D:5      | Entered Level 5 of the Dungeon
  5042 | D:5      | Found Daos's Jewellery Boutique.
  5297 | D:5      | Found a transporter.
  5430 | D:5      | Found a transporter.
  5436 | D:5      | Reached skill level 10 in Axes
  5452 | D:5      | Reached *** piety under Trog
  5520 | D:5      | Found a glowing silver altar of Zin.
  5645 | D:5      | Found a white marble altar of Elyvilon.
  6018 | D:5      | Found a hide-covered altar of Uskayaw.
  6137 | D:5      | Found a staircase to the Ecumenical Temple.
  6225 | D:5      | Reached XP level 9. HP: 50/64 MP: 9/9
  7774 | D:6      | Found a snail-covered altar of Cheibriados.
  8244 | D:6      | Found a radiant altar of Vehumet.
  8244 | D:6      | Found a blossoming altar of Fedhas.
  8244 | D:6      | Found an iron altar of Okawaru.
  8426 | D:6      | Found Vediwk's Magic Scroll Shoppe.
  8435 | D:6      | Bought a scroll of enchant armour for 97 gold pieces
  8435 | D:6      | Bought a scroll of identify for 26 gold pieces
  8481 | D:6      | Found a runed door.
  8485 | D:6      | Noticed Crazy Yiuf
  8491 | D:6      | Killed Crazy Yiuf
  8973 | D:7      | Reached XP level 10. HP: 70/70 MP: 10/10
  8996 | D:7      | Found a shattered altar of Ashenzari.
  9373 | D:7      | Noticed Prince Ribbit
  9391 | D:7      | Killed Prince Ribbit
  9544 | D:7      | Reached **** piety under Trog
  9544 | D:7      | Reached skill level 5 in Fighting
  9797 | D:7      | Reached skill level 5 in Armour
 10259 | D:8      | Noticed Gastronok
 10259 | D:8      | Noticed a two-headed ogre
 10301 | D:8      | Noticed a two-headed ogre
 11124 | D:6      | Received a gift from Trog
 11255 | D:7      | Killed a two-headed ogre
 11594 | D:7      | Killed a two-headed ogre
 11767 | D:8      | Reached XP level 11. HP: 81/85 MP: 11/11
 11949 | D:8      | Identified the Almanac of Icy Battle Magic
 12319 | D:8      | Found an ornate altar of the Wu Jian Council.
 12340 | D:8      | Found Jatsadimp's Antique Weapon Shoppe.
 12616 | D:8      | Noticed Grum
 12636 | D:8      | Killed Grum
 12824 | D:9      | Got a smoking cloak
 12835 | D:9      | Identified the cursed +0 cloak "Ogixin" {*Slow rPois Dex+7 SInv} (You found it on level 9 of the Dungeon)
 13059 | D:9      | Found a deep blue altar of Sif Muna.
 13086 | D:9      | Identified Sif Muna's Incunabulum of Malediction
 13165 | D:10     | Entered Level 10 of the Dungeon
 13437 | D:10     | Reached ***** piety under Trog
 14268 | D:11     | Noticed a cyclops
 14667 | D:11     | Noticed an eight-headed hydra
 14689 | D:11     | You fall through a shaft!
 14885 | D:12     | Noticed a cyclops
 14899 | D:12     | Received a gift from Trog
 14902 | D:12     | Killed a cyclops
 14902 | D:12     | Reached skill level 10 in Fighting
 15176 | D:12     | Reached skill level 10 in Armour
 15376 | D:11     | Reached XP level 12. HP: 95/98 MP: 12/12
 15382 | D:11     | Noticed a two-headed ogre
 15385 | D:11     | Noticed a death yak
 15387 | D:11     | Noticed a death yak
 15704 | D:12     | Found a sparkling altar of Nemelex Xobeh.
 16006 | D:12     | Found a staircase to the Orcish Mines.
 16612 | D:11     | Killed a two-headed ogre
 16617 | D:11     | Noticed Erica
 16631 | D:11     | Killed Erica
 16843 | D:11     | Noticed a death yak
 17095 | D:10     | Killed a death yak
 17196 | D:11     | Found a staircase to the Lair.
 17219 | D:11     | Received a gift from Trog
 17356 | D:11     | Killed a death yak
 17395 | D:11     | Killed a five-headed hydra
 17592 | D:11     | Killed a death yak
 17912 | Orc:1    | Entered Level 1 of the Orcish Mines
 18046 | D:12     | Upgraded the game from 0.21-a0-125-gb006224 to 0.21-a0-128-gf2b353c
 18353 | Lair:1   | Entered Level 1 of the Lair of Beasts
 18699 | Lair:1   | Reached XP level 13. HP: 82/108 MP: 13/13
 19622 | Lair:1   | Noticed a four-headed hydra
 19664 | Lair:1   | Killed a three-headed hydra
 19743 | Lair:1   | Reached skill level 15 in Axes
 20243 | Lair:2   | Noticed a seven-headed hydra
 20255 | Lair:2   | Killed a six-headed hydra
 20352 | Lair:2   | Found a staircase to the Shoals.
 21094 | Lair:3   | Received a gift from Trog
 21217 | Lair:3   | Found a staircase to the Snake Pit.
 21602 | Lair:3   | Noticed a six-headed hydra
 21612 | Lair:3   | Killed a six-headed hydra
 21950 | Lair:3   | Noticed a seven-headed hydra
 21969 | Lair:3   | Killed a seven-headed hydra
 22270 | Lair:4   | Reached XP level 14. HP: 81/115 MP: 14/14
 23165 | Lair:4   | Noticed ziggurnaut's ghost (journeyman NaWn)
 24079 | Lair:5   | Found a labyrinth entrance.
 24086 | Lab      | Entered a labyrinth
 24646 | Lair:5   | Received a gift from Trog
 25101 | Lair:5   | Got a fine morningstar
 25102 | Lair:5   | Identified the +7 morningstar "Cigoekhlu" {elec, -Tele rElec rF+ rC+ SInv} (You found it on level 5 of the Lair of Beasts)
 25486 | Lair:6   | Entered Level 6 of the Lair of Beasts
 25491 | Lair:6   | Noticed Okiemurse's ghost (journeyman HOMo)
 26078 | Lair:6   | Found a viscous altar of Jiyva.
 26078 | Lair:6   | Found a staircase to the Slime Pits.
 26695 | Lair:6   | Found a runed door.
 26765 | Lair:6   | HP: 5/115 [poisoned by a water moccasin]
 26779 | Lair:6   | Reached XP level 15. HP: 42/121 MP: 15/15
 27295 | Lair:6   | Identified a scroll of acquirement
 27651 | Lair:6   | Noticed a thorn hunter
 27651 | Lair:6   | an oklob plant changed into a thorn hunter
 27671 | Lair:6   | Killed a thorn hunter
 28208 | Lair:6   | Received a gift from Trog
 28285 | Lair:6   | Killed Okiemurse's ghost
 29351 | Lair:6   | Reached skill level 5 in Dodging
 30117 | Orc:1    | Received a gift from Trog
 30334 | Orc:1    | Reached skill level 1 in Evocations
 30464 | Orc:2    | Entered Level 2 of the Orcish Mines
 30464 | Orc:2    | Noticed an orc warlord
 30669 | D:5      | Bought the ring of Riacotz {MP+9 AC+3 Dex+5} for 688 gold pieces
 30887 | Orc:2    | Found a staircase to the Elven Halls.
 31030 | Orc:2    | Found a roughly hewn altar of Beogh.
 31046 | Orc:2    | Found Kahougih's Food Shoppe.
 31140 | Orc:2    | Reached ****** piety under Trog
 31183 | Orc:2    | Found a roughly hewn altar of Beogh.
 31267 | Orc:2    | Found a roughly hewn altar of Beogh.
 31350 | Orc:2    | Found a roughly hewn altar of Beogh.
 31353 | Orc:2    | Received a gift from Trog
 31491 | Orc:2    | Found a roughly hewn altar of Beogh.
 31525 | Orc:2    | Reached XP level 16. HP: 132/132 MP: 18/18
 32067 | Orc:2    | Found a roughly hewn altar of Beogh.
 32067 | Orc:2    | Found Wageajo's Assorted Antiques.
 32114 | Orc:2    | Bought a vibrating marble ring for 150 gold pieces
 32114 | Orc:2    | Identified the ring of Sekk {rElec MR- Int+2 Dex+7 Slay-5} (You bought it in a shop on level 2 of the Orcish Mines)
 32190 | Orc:2    | Reached skill level 5 in Evocations
 32324 | Orc:2    | Found a roughly hewn altar of Beogh.
 32857 | Orc:2    | Found Deuxtorulu's Antique Weapon Boutique.
 32857 | Orc:2    | Found a roughly hewn altar of Beogh.
 32860 | Orc:2    | Found Yvaxuq's Antique Armour Shop.
 32873 | Orc:2    | Bought a pair of steaming boots for 275 gold pieces
 33024 | Orc:2    | Received a gift from Trog
 33049 | Orc:2    | Identified the +1 pair of boots "Zaddeifepa" {rF+} (You bought it in a shop on level 2 of the Orcish Mines)
 33523 | D:13     | Reached skill level 10 in Dodging
 34204 | D:13     | Received a gift from Trog
 34305 | D:13     | Found a gate to the Vaults.
 34445 | D:13     | Noticed Azrael
 34460 | D:13     | Killed Azrael
 34996 | D:14     | Reached XP level 17. HP: 117/138 MP: 24/24
 35742 | D:15     | Entered Level 15 of the Dungeon
 35888 | D:15     | Received a gift from Trog
 36087 | D:15     | Noticed Roxanne
 36473 | D:15     | Found a staircase to the Depths.
 36653 | Lair:1   | Upgraded the game from 0.21-a0-128-gf2b353c to 0.21-a0-150-gc243083
 36790 | Orc:2    | Bought a potion of heal wounds for 150 gold pieces
 36959 | Snake:1  | Entered Level 1 of the Snake Pit
 39013 | Snake:2  | Reached XP level 18. HP: 130/147 MP: 25/25
 39295 | Snake:3  | Received a gift from Trog
 39358 | Snake:2  | You fall through a shaft!
 39885 | Snake:3  | Reached skill level 15 in Fighting
 40052 | Snake:3  | Found a runed gate.
 40052 | Snake:3  | Found a runed gate.
 40052 | Snake:3  | Found a runed gate.
 41222 | Snake:2  | Reached skill level 15 in Armour
 41556 | Snake:2  | Received a gift from Trog
 41557 | Snake:2  | Got a translucent war axe {god gift}
 41591 | Snake:2  | Identified the +8 war axe "Glorpo" {freeze, rElec rPois rF- rN+} (Trog gifted it to you on level 2 of the Snake Pit)
 42348 | Orc:2    | Bought a scroll of acquirement for 1560 gold pieces
 42869 | Shoals:1 | Entered Level 1 of the Shoals
 42939 | Shoals:1 | Found a frozen archway.
 42969 | IceCv    | Entered an ice cave
 43372 | IceCv    | Received a gift from Trog
 43809 | IceCv    | Noticed an Ice Fiend
 43827 | IceCv    | Killed an Ice Fiend
 43838 | IceCv    | Received a gift from Trog
 44246 | IceCv    | Got a pair of slimy gloves
 44247 | IceCv    | Identified the +2 pair of gloves of Igoe {Dex+4} (You found it in an ice cave)
 44522 | Shoals:1 | Reached XP level 19. HP: 64/157 MP: 26/26
 45897 | Shoals:2 | Received a gift from Trog
 46879 | Shoals:4 | Entered Level 4 of the Shoals
 46958 | Shoals:4 | Noticed Mara
 46964 | Shoals:4 | Noticed NantukoElder's illusion
 46967 | Shoals:4 | Killed Mara
 47027 | Shoals:4 | Noticed Ilsuiw
 47070 | Shoals:4 | Killed Ilsuiw
 48085 | Shoals:4 | Received a gift from Trog
 48128 | Shoals:4 | Got a barnacled rune of Zot
 48614 | Shoals:4 | Reached XP level 20. HP: 113/166 MP: 27/27
 48790 | Shoals:4 | Noticed Polyphemus
 49427 | Shoals:4 | Killed Polyphemus
 50072 | Snake:3  | Received a gift from Trog
 50220 | Snake:4  | Entered Level 4 of the Snake Pit
 51943 | Snake:4  | Received a gift from Trog
 52643 | Snake:4  | Reached XP level 21. HP: 166/172 MP: 28/28
 52944 | Snake:4  | Got a serpentine rune of Zot
 53220 | Vaults:1 | Entered Level 1 of the Vaults
 53509 | Vaults:1 | Received a gift from Trog
 54395 | Vaults:2 | Received a gift from Trog
 55035 | Vaults:2 | Received a gift from Trog
 55059 | Vaults:2 | Reached XP level 22. HP: 173/182 MP: 29/29
 55664 | Vaults:3 | Received a gift from Trog
 55707 | Vaults:3 | Noticed Bai Suzhen
 55727 | Vaults:3 | Killed Bai Suzhen
 56298 | Vaults:3 | Found Ceblos's Jewellery Shop.
 56309 | Vaults:3 | Bought a cursed ring of loudness for 85 gold pieces
 56309 | Vaults:3 | Bought a cursed amulet of inaccuracy for 38 gold pieces
 56309 | Vaults:3 | Bought a cursed -4 ring of intelligence for 38 gold pieces
 56467 | Vaults:3 | Noticed Sojobo
 56473 | Vaults:3 | You fall through a shaft!
 56569 | Vaults:4 | Received a gift from Trog
 56884 | Vaults:3 | Killed Sojobo
 56884 | Vaults:3 | Reached XP level 23. HP: 192/192 MP: 30/30
 57068 | Vaults:3 | Found a staircase to the Crypt.
 57074 | Vaults:3 | Received a gift from Trog
 57312 | Vaults:4 | Found an iron altar of Okawaru.
 57776 | Vaults:4 | Received a gift from Trog
 58423 | Lair:1   | Gained mutation: You are weak. (Str -2) [potion of mutation]
 58423 | Lair:1   | Gained mutation: You evolve. [potion of mutation]
 58424 | Lair:1   | Lost mutation: You evolve. [potion of mutation]
 58424 | Lair:1   | Lost mutation: You are weak. (Str -2) [potion of mutation]
 58424 | Lair:1   | Gained mutation: You are agile. (Dex +2) [potion of mutation]
 58424 | Lair:1   | Gained mutation: Armour fits poorly on your strangely shaped body. [potion of mutation]
 58424 | Lair:1   | Gained mutation: Your spells are a little easier to cast, but a little less powerful. [potion of mutation]
 58424 | Lair:1   | Gained mutation: You are partially covered in icy blue scales. (AC +2) [potion of mutation]
 58425 | Lair:1   | Lost mutation: Your spells are a little easier to cast, but a little less powerful. [potion of mutation]
 58425 | Lair:1   | Lost mutation: Armour fits poorly on your strangely shaped body. [potion of mutation]
 58425 | Lair:1   | Lost mutation: You are agile. (Dex +2) [potion of mutation]
 58425 | Lair:1   | Lost mutation: You are partially covered in icy blue scales. (AC +2) [potion of mutation]
 58425 | Lair:1   | Gained mutation: You occasionally shout uncontrollably at your foes. [potion of mutation]
 58425 | Lair:1   | Gained mutation: Your muscles are strong. (Str +2) [potion of mutation]
 58425 | Lair:1   | Gained mutation: Your spells are a little harder to cast, but a little more powerful. [potion of mutation]
 58523 | Elf:1    | Entered Level 1 of the Elven Halls
 58573 | Elf:1    | Found Ustoih Liph's Magic Scroll Emporium.
 58703 | Elf:1    | Identified Sif Muna's Papyrus of Supportive Arcane Weapons
 58867 | Elf:1    | Noticed Kirke
 58876 | Elf:1    | Killed Kirke
 59495 | Elf:2    | Received a gift from Trog
 59557 | Elf:2    | Noticed Jorgrun
 59571 | Elf:2    | Killed Jorgrun
 59752 | Elf:2    | Noticed Agnes
 59754 | Elf:2    | Found Ubittokh's Jewellery Shop.
 59756 | Elf:2    | Killed Agnes
 59881 | Elf:2    | Found a runed gate.
 59881 | Elf:2    | Found a runed gate.
 59882 | Elf:2    | Found a runed gate.
 59970 | Elf:3    | Entered Level 3 of the Elven Halls
 60454 | Elf:3    | Reached XP level 24. HP: 202/202 MP: 30/30
 60515 | Elf:3    | Received a gift from Trog
 61883 | Elf:3    | Identified Nawoqubb's Incunabulum of Burning Earth
 61887 | Elf:3    | Received a gift from Trog
 61949 | Elf:3    | Identified the Reference Book on the Dark Blaze
 62782 | Crypt:1  | Entered Level 1 of the Crypt
 63766 | Crypt:1  | Received a gift from Trog
 64115 | Crypt:1  | Reached XP level 25. HP: 124/212 MP: 30/30
 64973 | Crypt:2  | Received a gift from Trog
 65602 | Crypt:2  | Noticed Jory
 65614 | Crypt:2  | Killed Jory
 65763 | Crypt:3  | Entered Level 3 of the Crypt
 65813 | Crypt:3  | Noticed Margery
 65821 | Crypt:3  | Killed Margery
 65852 | Crypt:3  | Received a gift from Trog
 66071 | Crypt:3  | Found an ancient bone altar of Kikubaaqudgha.
 66708 | Crypt:3  | Received a gift from Trog
 66994 | Crypt:3  | Reached XP level 26. HP: 141/222 MP: 30/30
 67094 | Crypt:3  | Identified Sif Muna's Catalogue of Intoxication and Conjuration
 67384 | Crypt:3  | Noticed Khufu
 67410 | Crypt:3  | Killed Khufu
 67503 | Crypt:3  | Found a staircase to the Tomb.
 68285 | Depths:1 | Entered Level 1 of the Depths
 68334 | Depths:1 | Found a gateway to Hell.
 68336 | Depths:1 | Found a one-way gate leading to the halls of Pandemonium.
 68597 | Depths:1 | Noticed Saint Roka
 68618 | Depths:1 | Killed Saint Roka
 68946 | Depths:2 | You fall through a shaft!
 69067 | Depths:3 | Received a gift from Trog
 69173 | Depths:3 | Noticed Nikola
 69185 | Depths:3 | Killed Nikola
 69400 | Depths:3 | Received a gift from Trog
 69415 | Depths:3 | Got a steaming pewter amulet
 69416 | Depths:3 | Identified the amulet "Wihit" {Reflect MR+ Str+5 Int+2 Dex+4 SH+2} (You took it off a rakshasa on level 3 of the Depths)
 69430 | Depths:3 | Got a translucent silver ring
 69451 | Depths:3 | Identified the ring "Rerong" {MP+9 Slay+6 SInv} (You found it on level 3 of the Depths)
 69501 | Depths:3 | Reached XP level 27. HP: 228/233 MP: 30/30
 69867 | Depths:2 | Received a gift from Trog
 69938 | Depths:2 | Got a dazzling quick blade
 69939 | Depths:2 | Identified the +6 quick blade "Segoe" {flame, rF+ SInv} (You found it on level 2 of the Depths)
 70578 | Depths:3 | Received a gift from Trog
 70890 | Depths:3 | Got a crystal morningstar {speed}
 70891 | Depths:3 | Identified the +3 morningstar of Ekliromn {speed, Str+6} (You took it off a spriggan berserker on level 3 of the Depths)
 70897 | Depths:3 | Noticed a juggernaut
 70912 | Depths:3 | Killed a juggernaut
 70912 | Depths:3 | Reached skill level 27 in Axes
 71487 | Depths:4 | Reached skill level 10 in Evocations
 71578 | Depths:4 | Received a gift from Trog
 71771 | Depths:4 | Got a vibrating silver amulet
 71772 | Depths:4 | Identified the amulet of the Villain {Harm *Drain +Fly Int+8 Dex-5 Stlth-} (You found it on level 4 of the Depths)
 71774 | Depths:4 | Identified Sif Muna's Grimoire of Displacement and Moulding
 71896 | Depths:4 | Found a one-way gate to the infinite horrors of the Abyss.
 72150 | Depths:4 | Got an ancient ivory ring
 72153 | Depths:4 | Identified the ring "Xeusch" {rPois rC+ rN++} (You found it on level 4 of the Depths)
 72214 | Depths:4 | Got a steaming broad axe
 72215 | Depths:4 | Identified the +10 broad axe of Light {chop, rF+++ MP-9 Dex+6} (You found it on level 4 of the Depths)
 72706 | Depths:5 | Entered Level 5 of the Depths
 73346 | Depths:5 | Found a gate to the Realm of Zot.
 73399 | Depths:5 | Received a gift from Trog
 73854 | Depths:5 | Found a gateway to a ziggurat.
 74003 | Depths:5 | Reached skill level 15 in Dodging
 74543 | Lair:1   | Lost mutation: Your muscles are strong. (Str +2) [potion of mutation]
 74543 | Lair:1   | Lost mutation: You occasionally shout uncontrollably at your foes. [potion of mutation]
 74543 | Lair:1   | Gained mutation: Scrolls take you a little longer to read. [potion of mutation]
 74543 | Lair:1   | Gained mutation: You are partially covered in molten scales. (AC +2) [potion of mutation]
 74543 | Lair:1   | Gained mutation: Your system is resistant to poisons. (rPois) [potion of mutation]
 74807 | Vaults:5 | Entered Level 5 of the Vaults
 74817 | Vaults:4 | Received a gift from Trog
 75272 | Vaults:5 | Received a gift from Trog
 75332 | Vaults:5 | Got a transparent lead amulet
 75335 | Vaults:5 | Identified the amulet "Qurreat" {Fragile rF+ MR+ Regen+ Dex+4} (You took it off a deep elf mage on level 5 of the Vaults)
 75418 | Vaults:5 | Found Biquseer's Distillery.
 75426 | Vaults:5 | Bought a potion of agility for 40 gold pieces
 75426 | Vaults:5 | Bought a potion of heal wounds for 50 gold pieces
 75426 | Vaults:5 | Bought a potion of curing for 30 gold pieces
 75426 | Vaults:5 | Bought 2 potions of might for 80 gold pieces
 75426 | Vaults:5 | Bought a potion of might for 40 gold pieces
 75577 | Vaults:5 | Got a silver rune of Zot
 75688 | Vaults:5 | Noticed an ancient lich
 75697 | Vaults:5 | Killed an ancient lich
 75722 | Vaults:5 | Identified the Disquisition on Frigorific Earth
 75933 | Vaults:5 | Received a gift from Trog
 76099 | Vaults:5 | Got an ancient plate armour
 76102 | Vaults:5 | Identified the +1 plate armour of Brilliance {rF+ Str+3 SInv} (You found it on level 5 of the Vaults)
 76365 | Vaults:5 | Noticed an ancient lich
 76385 | Vaults:5 | Killed an ancient lich
 76649 | Vaults:5 | Upgraded the game from 0.21-a0-150-gc243083 to 0.21-a0-151-ga4fe563
 76990 | Elf:1    | Bought a scroll of acquirement for 780 gold pieces
 76990 | Elf:1    | Bought a scroll of identify for 30 gold pieces
 77210 | Slime:1  | Entered Level 1 of the Pits of Slime
 77243 | Slime:1  | Gained mutation: You are frail. (-10% HP) [a shining eye]
 77245 | Slime:1  | Received a gift from Trog
 77406 | Slime:4  | Gained mutation: Scrolls take you longer to read. [a shining eye]
 77830 | Slime:5  | Entered Level 5 of the Pits of Slime
 77976 | Slime:5  | Gained mutation: Your body sometimes deteriorates upon taking damage. [a shining eye]
 77979 | Slime:5  | Gained mutation: Your muscles are strong. (Str +2) [a shining eye]
 78004 | Slime:5  | Received a gift from Trog
 78373 | Slime:4  | Lost mutation: Your spells are a little harder to cast, but a little more powerful. [potion of mutation]
 78373 | Slime:4  | Gained mutation: Your spells are a little harder to cast, but a little more powerful. [potion of mutation]
 78373 | Slime:4  | Gained mutation: You passively map a small area around you. [potion of mutation]
 78374 | Slime:4  | Lost mutation: Your body sometimes deteriorates upon taking damage. [potion of mutation]
 78374 | Slime:4  | Lost mutation: Scrolls take you longer to read. [potion of mutation]
 78374 | Slime:4  | Gained mutation: You evolve. [potion of mutation]
 78375 | Slime:4  | Lost mutation: Your muscles are strong. (Str +2) [potion of mutation]
 78375 | Slime:4  | Lost mutation: Scrolls take you a little longer to read. [potion of mutation]
 78375 | Slime:4  | Lost mutation: You are frail. (-10% HP) [potion of mutation]
 78375 | Slime:4  | Gained mutation: Your mind is acute. (Int +2) [potion of mutation]
 78375 | Slime:4  | Lost mutation: You passively map a small area around you. [potion of mutation]
 78375 | Slime:4  | Gained mutation: You are robust. (+10% HP) [potion of mutation]
 78486 | Slime:5  | Found a viscous altar of Jiyva.
 78486 | Slime:5  | Noticed the Royal Jelly
 78521 | Slime:5  | Killed the Royal Jelly
 78542 | Slime:5  | Got a shimmering plate armour
 78543 | Slime:5  | Identified the +1 plate armour of Parlour Games {rC++ Int+5 Dex-2} (You found it on level 5 of the Pits of Slime)
 78607 | Slime:5  | Got a warped silver ring
 78608 | Slime:5  | Identified the ring of Kuliobim {Int+2 Dex+3 Stlth+} (You found it on level 5 of the Pits of Slime)
 78617 | Slime:5  | Identified the Guide on the Oath
 78657 | Slime:5  | Got a slimy rune of Zot
 78957 | D:15     | Gained mutation: You are partially covered in icy blue scales. (AC +2) [evolution]
 79048 | Zot:1    | Entered Level 1 of the Realm of Zot
 79077 | Zot:1    | Found an opulent altar of Gozag.
 79202 | Zot:1    | Received a gift from Trog
 80038 | Zot:2    | Noticed an orb of fire
 80055 | Zot:2    | Lost mutation: You are robust. (+10% HP) [an orb of fire]
 80056 | Zot:2    | Killed an orb of fire
 80288 | Zot:2    | Reached skill level 1 in Shields
 81347 | Zot:4    | Received a gift from Trog
 81361 | Zot:4    | Reached skill level 5 in Shields
 81369 | Zot:4    | Reached skill level 27 in Fighting
 81627 | Zot:4    | Lost mutation: Your spells are a little harder to cast, but a little more powerful. [evolution]
 81655 | Zot:4    | Received a gift from Trog
 81811 | Zot:5    | Entered Level 5 of the Realm of Zot
 82323 | Zot:5    | Reached skill level 10 in Shields
 82568 | Hell     | Entered the Vestibule of Hell
 82568 | Hell     | Noticed Geryon
 83024 | Hell     | Noticed Murray
 83081 | Depths:5 | Received a gift from Trog
 84237 | Hell     | Received a gift from Trog
 84240 | Hell     | Killed Murray
 84270 | Hell     | Killed Geryon
 84354 | Hell     | Found a gateway to the Iron City of Dis.
 84417 | Hell     | Found a gateway to the decaying netherworld of Tartarus.
 84500 | Hell     | Found a gateway to the ashen valley of Gehenna.
 84823 | Depths:5 | Quit the game

Vault maps used:
D:1:      dpeg_arrival_boxorama, hangedman_glass_garden, minmay_misc_feat_cross
D:2:      first_bread, minmay_bisected, uniq_robin, uniq_sigmund
D:3:      makhleb_grotto_becter
D:4:      xom_redecorated, st_stairs_13, minmay_strange_pillars
D:5:      gammafunk_steamed_eel, nicolae_overflow_hidden_temple,
          lemuel_doored_altar, elyvilon_altar_5,
          minmay_temple_entry_enclosed_plants, serial_shops, shop
D:6:      kennysheep_slugbush, grunt_temple_overflow_open, serial_bayou,
          serial_bayou_shore_a, serial_bayou_pond_e, serial_bayou_pond_c,
          serial_bayou_shore_b, kennysheep_small_square, uniq_crazy_yiuf_cottage
D:7:      evilmike_ruin_ashenzari, uniq_prince_ribbit1
D:8:      lemuel_crystal_altar, serial_shops,
          nicolae_shop_temple_entry_statues_fountains, uniq_grum, uniq_gastronok
D:9:      led_sif_book
D:11:     dpeg_lair_monsters, serial_glass, glass_columns_b, glass_columns_a,
          uniq_erica
D:12:     erik_orc_1, grunt_tengu_nest, nemelex_diamond_rough_becter
D:13:     minmay_connected_boxes_in_corner, grunt_vaults_entry_tiered,
          uniq_azrael
D:14:     infiniplex_staircase_zigzag_2, grunt_ministairs_3
D:15:     grunt_enter_depths_hoard, minmay_fountain_box, serial_park_tiny_pond,
          hangedman_decor_opposing, uniq_roxanne
Lair:1:   dpeg_oklob_gauntlet, gammafunk_lair_bear_cave,
          infiniplex_staircase_pool
Lair:2:   minmay_shoals_entry_lonely_mermaid, st_stairs_13
Lair:3:   guppyfry_snake_entry_island
Lair:5:   lab_entry_generic
Lair:6:   hangedman_lair_caniforms_friends, wormcave, slime_altar_1,
          minmay_lair_oklob_chamber, grunt_megastairs_1
Shoals:1: portal_ice_cave_entry_pillars_three, nicolae_shoals_water_shrine
Shoals:4: shoals_end_hangedman, shoals_ilsuiw_ice,
          nicolae_shoals_circle_sea_wall, nicolae_shoals_stone_sculpture_thing,
          uniq_mara, uniq_polyphemus
Snake:3:  nicolae_snake_horde_hoard
Snake:4:  minmay_snake_end_coiled, lemuel_fruit_tree
Slime:3:  nicolae_slime_barrier
Slime:4:  cheibrodos_slime_lost_civilization_4
Orc:1:    statue_in_the_mist_lemuel
Orc:2:    grunt_orc_community_town_hall, grunt_orc_community_big_house_1,
          grunt_orc_community_big_house_2, grunt_orc_community_house_3,
          grunt_orc_community_house_1, grunt_orc_community_house_3,
          grunt_orc_community_house_1, grunt_orc_community_house_3,
          grunt_orc_community_house_1, basic_altar
Elf:1:    eino_elf_arrival_sip, serial_shops, shop, minmay_elf_sorcery,
          grunt_megastairs_2, uniq_kirke
Elf:2:    serial_shops, shop, uniq_agnes, uniq_jorgrun, uniq_donald
Elf:3:    grunt_elf_hall_diamonds
Vaults:1: nicolae_vaults_yaktaur_gun_rack, hangedman_vaults_slither,
          hangedman_vaults_pinch, ontoclasm_vaults_misaligned,
          nicolae_vaults_circle_grid_a, ontoclasm_vaults_gateway, serial_ice_h,
          vaults_dpeg_ring
Vaults:2: v_misc_3, nicolae_vaults_know_your_exits, v_misc_32,
          nicolae_vaults_ninety_degrees, hangedman_vaults_corner_blocks,
          vaults_standard_mumra_enter_the_diamond, hangedman_vaults_locks,
          v_pattern_3, grunt_vaults_hallway_short
Vaults:3: nicolae_vaults_disjoint_gnomons, nicolae_vaults_twisting_passages,
          vaults_dpeg_hooks, minmay_crypt_entry_skeletal_spiral,
          vaults_room_fancy_cross, vaults_dpeg_cross, serial_shops, shop,
          uniq_bai_suzhen, uniq_sojobo
Vaults:4: hangedman_vaults_hat, hangedman_vaults_river_flow,
          vaults_mumra_minichess, v_pattern_1, nicolae_vaults_alarming,
          hangedman_vaults_corner, vaults_room_hallway, basic_altar
Crypt:1:  grunt_deathspiral_small
Crypt:2:  uniq_jory
Crypt:3:  grunt_crypt_end_deaths_head, uniq_margery
Depths:1: corexii_leaking_fountain, rand_demon_pan_entry_8, hell_entry,
          kilobyte_rumbling_trees, uniq_saint_roka
Depths:2: minmay_ornate_pinched, rand_demon_pan_entry_4, hell_entry,
          kennysheep_generic_room_13
Depths:3: minmay_the_grid_square_5x5_5x5, pan_entry, grunt_hell_entry_dis_mu,
          infiniplex_staircase_pillars_1, uniq_nikola
Depths:4: radiant_caverns_b_rkd, abyss_entry, hell_entry
Depths:5: grunt_twist_and_shout, enter_ziggurat_b, grunt_mini_vestibule,
          pan_entry, serial_bayou_shore_b
Zot:1:    basic_altar
Zot:2:    grunt_ministairs_13
Zot:4:    basic_stair_grate_trap
Zot:5:    basic_stair_grate_trap
Lab:      nicolae_lab_statue
IceCv:    ice_cave_caverns_01

Skill      XL: |  1  2  3  4  5  6  7  8  9 10 11 12 13 14 15 16 17 18 19 20 21 22 23 24 25 26 27 |
---------------+----------------------------------------------------------------------------------+-----
Axes           | 4 5 6 7 9 10 12 13 16 18 19 20 22 23 24 25 26 27 | 27.0
Fighting       | 7 10 12 13 14 15 16 17 18 19 20 21 22 27 | 27.0
Armour         | 7 10 11 12 13 14 15 16 17 18 19 20 21 22 25 | 25.0
Dodging        | 4 7 12 13 21 | 21.0
Evocations     | 3 9 14 | 14.9
Shields        | 13 | 13.4

Action                   |  1- 3 |  4- 6 |  7- 9 | 10-12 | 13-15 | 16-18 | 19-21 | 22-24 | 25-27 || total
-------------------------+-------+-------+-------+-------+-------+-------+-------+-------+-------++-------
Melee: Hand axe          |    78 |   172 |       |       |       |     4 |       |       |       ||   254
       War axe           |       |    18 |   275 |   583 |    70 |    12 |       |       |       ||   958
       Broad axe         |       |       |       |   140 |   987 |  1339 |       |       |       ||  2466
       Scimitar          |       |       |       |     5 |     5 |       |       |       |       ||    10
       Dire flail        |       |       |       |       |    17 |       |       |       |       ||    17
       Morningstar       |       |       |       |       |    14 |       |       |       |       ||    14
       Battleaxe         |       |       |       |       |       |   178 |   893 |       |       ||  1071
       Executioner's axe |       |       |       |       |       |       |   344 |  1178 |  3112 ||  4634
 Fire: Blowgun           |       |       |     2 |       |       |       |       |       |       ||     2
Invok: Burn Spellbooks   |       |       |       |     1 |     5 |     2 |       |     3 |     7 ||    18
       Trog's Hand       |       |       |       |     1 |     1 |     3 |     1 |       |       ||     6
       Brothers in Arms  |       |       |       |       |     1 |     1 |     1 |     1 |     2 ||     6
 Abil: Dig               |     3 |     1 |    10 |    14 |    19 |    30 |     6 |       |    16 ||    99
       Shaft Self        |       |     1 |       |     1 |       |     2 |       |     1 |     1 ||     6
       Evoke Flight      |       |       |       |       |       |       |       |       |     1 ||     1
Evoke: Wand              |       |       |       |     6 |    23 |    14 |     7 |       |     4 ||    54
       Sack of spiders   |       |       |       |       |       |       |     3 |       |     1 ||     4
       Box of beasts     |       |       |       |       |       |       |       |       |     4 ||     4
       Phantom mirror    |       |       |       |       |       |       |       |       |     2 ||     2
  Use: Scroll            |       |     3 |     7 |    15 |    14 |    13 |    10 |     5 |    26 ||    93
       Potion            |       |     2 |     5 |     5 |     7 |     6 |     2 |     4 |    18 ||    49
 Stab: Invisible         |       |     4 |       |       |       |       |       |       |       ||     4
       Distracted        |       |       |       |     1 |       |       |     1 |       |     1 ||     3
       Paralysed         |       |       |       |       |     5 |    14 |    15 |       |       ||    34
  Eat: Chunk             |       |     5 |    13 |    20 |     8 |    14 |     8 |    12 |     8 ||    88
       Bread ration      |       |     1 |       |     1 |     1 |     6 |     5 |       |     8 ||    22
       Fruit             |       |       |     4 |    10 |    26 |     2 |     9 |     2 |    12 ||    65
       Royal jelly       |       |       |     1 |     4 |     4 |     4 |     1 |     9 |     9 ||    32
Armor: Animal skin       |     2 |       |       |       |       |       |       |       |       ||     2
       Ring mail         |     4 |    51 |    81 |       |       |       |       |       |       ||   136
       Chain mail        |       |       |    14 |    30 |       |       |       |       |       ||    44
       Plate armour      |       |       |       |   377 |   574 |   604 |   535 |   557 |   231 ||  2878
       Skin              |       |       |       |       |    12 |       |       |       |       ||    12
       Storm dragon scal |       |       |       |       |       |       |       |       |  1430 ||  1430
Dodge: Dodged            |    51 |    91 |   122 |   240 |   342 |   739 |   688 |   658 |  2030 ||  4961
Block: Other             |       |       |     4 |    87 |    89 |    26 |       |       |       ||   206
       Reflection        |       |       |       |     9 |       |     3 |       |       |       ||    12
       Buckler           |       |       |       |       |       |   102 |   219 |   184 |   486 ||   991
